 Dungeon Crawl Stone Soup version 0.26-a0-812-g31a745ddcd (webtiles) character file.

Game seed: 13569271997642573992

47 kae the Insei (level 3, 0/20 HPs)
             Began as a Tengu Transmuter on Nov 23, 2020.
             Succumbed to an adder's poison
             ... on level 2 of the Dungeon.
             The game lasted 00:01:03 (1682 turns).

kae the Insei (Tengu Transmuter)                    Turns: 1682, Time: 00:01:04

Health: 0/20       AC:  2    Str: 11    XL:     3   Next: 70%
Magic:  7/7        EV: 13    Int: 13    God:
Gold:   57         SH:  0    Dex: 14    Spells: 2/6 levels left

rFire    . . .     SeeInvis .     - Unarmed
rCold    . . .     Faith    .   (no shield)
rNeg     . . .     Spirit   .   a - +0 robe
rPois    .         Reflect  .   (helmet currently unavailable)
rElec    .         Harm     .   (no cloak)
rCorr    .         Rampage  .   (no gloves)
MR       .....                  (boots unavailable)
Stlth    +.........             (no amulet)
HPRegen  0.06/turn              (no ring)
MPRegen  0.10/turn              (no ring)

@: lethally poisoned (0 -> -11), appendages (expiring)
A: beak, horns 2, talons 3
a: End Transformation


You were on level 2 of the Dungeon.
You had grown temporary horns.
You visited 1 branch of the dungeon, and saw 2 of its levels.

You collected 57 gold pieces.

Inventory:

Armour
 a - a +0 robe (worn)
Scrolls
 c - a scroll of remove curse {unknown}
 d - a scroll of teleportation {unknown}
 e - 3 scrolls of noise {unknown}
 f - a scroll of fear {unknown}


   Skills:
 + Level 1.3 Fighting
 + Level 2.5 Dodging
 * Level 3.8 Unarmed Combat
 + Level 2.1 Spellcasting
 * Level 2.2 Transmutations
 * Level 0.4 Poison Magic


You had 2 spell levels left.
You knew the following spells:

 Your Spells              Type           Power        Failure   Level
a - Beastly Appendage     Tmut           #.....       10%         1
b - Spider Form           Tmut/Pois      #.........   41%         3

Your spell library contained the following spells:

 Spells                   Type           Power        Failure   Level
 Wereblood                Tmut           #.......     16%         2
 Ice Form                 Ice/Tmut       #.......     85%         4
 Blade Hands              Tmut           #.........   95%         5


Dungeon Overview and Level Annotations

Branches:
Dungeon (2/15)

Altars:
Qazlal


Innate Abilities, Weirdness & Mutations

You have a beak for a mouth.
You have claws for feet.
You have a pair of horns on your head.


Message History

The goblin hits you with a +0 club. The adder misses you.
You are too injured to fight recklessly!
There is a lethal amount of poison in your body!
You aren't carrying any potions.
As you read the scroll labelled DIOMMO HEHE, it crumbles to dust.
The scroll dissolves into smoke.
It was a scroll of fog.
You feel sick. The adder bites you.
* * * LOW HITPOINT WARNING * * *
You are more poisoned.
The adder poisons you! The goblin hits you with a +0 club.
* * * LOW HITPOINT WARNING * * *
The adder closely misses you. The adder misses you.
* * * LOW HITPOINT WARNING * * *
You feel sick.
* * * LOW HITPOINT WARNING * * *
You feel sick.
* * * LOW HITPOINT WARNING * * *
You feel sick. The adder barely misses you.
Your transformation is almost over.
You die...

#..# #.#..... #..#
#..#.#.# #..# ###.....
#######..# ##.#.#
#........# ......
#........####+#######.#.#
#.......§§§§§§§......####
#.......§§g§§§§...### #
#.......@.SS#§§.#.# #
#..........§§#§w.# #
#...##########..... #...
......[ .. .......
....... ######.


You could see 2 adders and a goblin.

Vanquished Creatures
  An ooze (D:1)
  A worm (D:2)
  3 dart slugs
  2 leopard geckos (D:1)
  2 bats (D:1)
  2 giant cockroaches (D:2)
  7 goblins
  3 hobgoblins (D:1)
  A ball python (D:2)
  A frilled lizard (D:1)
  4 kobolds
  2 rats
29 creatures vanquished.

Vanquished Creatures (others)
  A frilled lizard (D:2)
1 creature vanquished.

Grand Total: 30 creatures vanquished

Notes
Turn   | Place    | Note
-------+----------+-------------------------------------------
     0 | D:1      | kae the Tengu Transmuter began the quest for the Orb.
     0 | D:1      | Reached XP level 1. HP: 12/12 MP: 4/4
    85 | D:1      | Reached XP level 2. HP: 13/16 MP: 4/6
   561 | D:1      | Reached XP level 3. HP: 20/20 MP: 5/7
   569 | D:1      | Learned a level 3 spell: Spider Form
  1505 | D:2      | Found a stormy altar of Qazlal.
  1681 | D:2      | HP: 1/20 [poisoned by an adder]
  1682 | D:2      | Succumbed to an adder's poison

Illustrated notes

Levels and vault maps discovered:
D:1:      erik_arrival_cave_to_civilisation [erik_arrival_cave_to_hall],
          layout_rooms, chequers_decorated_corner, grunt_decor_mini_mirrors,
          hangedman_decor_clover_reticule
D:2:      layout_basic, nemelex_altar_shiori, overflow_temple_1_default,
          st_stairs_9, tso_altar

Skill      XL: |  1  2 |
---------------+-------+-----
Transmutations | 2 |  2.2
Fighting       | |  1.3
Dodging        | |  2.5
Unarmed Combat | |  3.8
Spellcasting   | |  2.1
Poison Magic   | |  0.4

Action                   || total
-------------------------++-------
Melee: Unarmed           ||    58
       Headbutt          ||     4
       Peck              ||     3
       Kick              ||     7
       Punch             ||     2
 Cast: Beastly Appendage ||    17
       Spider Form       ||     3
  Use: Potion            ||     2
       Scroll            ||     1
 Stab: Sleeping          ||     1
Armor: Robe              ||     4
       Skin              ||     1
Dodge: Dodged            ||    48

Table legend: (Time is in decaauts)
 A = Elapsed time spent in this place.
 B = Non-inter-level travel time spent in this place.
 C = Inter-level travel time spent in this place.
 D = Time resting spent in this place.
 E = Time spent auto-exploring this place.
 F = Levels seen in this place.
 G = Mean time per level.
                   A        B        C        D        E       F      G
               +--------+--------+--------+--------+--------+-----+--------+
         Total |   1679 |   1655 |     24 |    205 |   1239 |   2 |  839.5 |
       Dungeon |   1679 |   1655 |     24 |    205 |   1239 |   2 |  839.5 |
               +--------+--------+--------+--------+--------+-----+--------+

Top non-repeatable levels by time:
     D:1: 1304 daAuts
     D:2: 374 daAuts
